 Dungeon Crawl Stone Soup version 0.28-a0-32-g8dfe7f97f6 (webtiles) character file.

Game seed: 11917726258571445246

2307 bande the Chopper (level 9, -3/54 HPs)
             Began as a Gargoyle Fighter on July 28, 2021.
             Was an Initiate of Okawaru.
             Slain by a vampire (10 damage)
             ... on level 7 of the Dungeon.
             The game lasted 00:15:54 (8726 turns).

bande the Chopper (Gargoyle Fighter)                Turns: 8726, Time: 00:15:54

Health: -3/54      AC: 19    Str: 22    XL:     9   Next: 41%
Magic:  0/9        EV:  7    Int:  9    God:    Okawaru [......]
Gold:   272        SH: 12    Dex: 16    Spells: 7/8 levels left

rFire   + . .      SeeInvis .   a - +1 war axe (vorpal)
rCold   . . .      Faith    .   c - +1 kite shield
rNeg    + . .      Spirit   +   m - +0 chain mail
rPois   ∞          Reflect  .   (no helmet)
rElec   +          Harm     .   (no cloak)
rCorr   .          Rampage  .   k - +0 pair of gloves
Will    .....                   e - +0 pair of boots
Stlth   ..........              o - amulet of guardian spirit
HPRegen 0.18/turn               q - +6 ring of dexterity
MPRegen 0.11/turn               r - ring of protection from fire

@: mighty
A: sickness immunity, AC +6, negative energy resistance 1, electricity
resistance, torment resistance 1, petrification resistance
a: Renounce Religion


You were on level 7 of the Dungeon.
You worshipped Okawaru.
Okawaru was noncommittal.
You visited 2 branches of the dungeon, and saw 8 of its levels.

You collected 272 gold pieces.

Inventory:

Hand Weapons
 a - a +1 vorpal war axe (weapon)
 l - a +0 flail
Missiles
 p - a curare-tipped dart (quivered)
Armour
 c - a +1 kite shield (worn)
 e - a +0 pair of boots (worn)
 k - a +0 pair of gloves (worn)
 m - a +0 chain mail (worn)
Jewellery
 o - an amulet of guardian spirit (around neck)
 q - a +6 ring of dexterity (left hand)
 r - a ring of protection from fire (right hand)
Wands
 b - a wand of flame (6)
Scrolls
 g - 5 scrolls of identify
 h - 6 scrolls of enchant weapon
 i - 4 scrolls of amnesia
Potions
 j - 2 potions of resistance
 n - a potion of brilliance


   Skills:
 + Level 5.4 Fighting
 + Level 6.7 Axes
 + Level 6.2 Armour
 - Level 1.5 Dodging
 - Level 0.2 Stealth
 + Level 6.3 Shields
 * Level 4.2 Translocations
 * Level 2.0 Evocations


You had 7 spell levels left.
You knew the following spells:

 Your Spells              Type           Power      Damage    Failure   Level
a - Apportation           Tloc           14%        N/A       85%         1

Your spell library contained the following spells:

 Spells                   Type           Power      Damage    Failure   Level
 Beastly Appendage        Tmut           0%         N/A       100%        1
 Corona                   Hex            0%         N/A       100%        1
 Shock                    Conj/Air       0%         1d3       100%        1
 Ensorcelled Hibernation  Hex/Ice        0%         N/A       100%        2
 Wereblood                Tmut           0%         N/A       100%        2
 Spider Form              Tmut/Pois      0%         N/A       100%        3
 Swiftness                Air            0%         N/A       100%        3
 Tukima's Dance           Hex            0%         N/A       100%        3
 Airstrike                Air            0%         N/A       100%        4
 Alistair's Intoxication  Tmut/Pois      0%         N/A       100%        5
 Invisibility             Hex            0%         N/A       100%        6


Dungeon Overview and Level Annotations

Branches:
Dungeon (7/15)             Temple (1/1) D:7

Altars:
Ashenzari
Cheibriados
Fedhas
Nemelex Xobeh
Okawaru
Uskayaw
Vehumet
Yredelemnul
Beogh

Annotations:
D:5 2 transporters
D:6 3 runed translucent doors, Exaltedone87's ghost, novice DsGl


Innate Abilities, Weirdness & Mutations

You are immune to sickness and miasma.
Your stone body is resilient. (AC +6)
You are immune to poison.
You resist negative energy. (rN+)
You are resistant to electric shocks. (rElec)
You are resistant to unholy torment.
You are immune to petrification.


Message History

Something bites you.
You feel better.
You hear some strange, mumbled words.
You are confused.
You feel very mighty all of a sudden.
A vampire appears from thin air!
Reactivating autopickup.
The vampire casts a spell at you. You resist with some effort.
You bump into the rock wall.
The vampire gestures at you while chanting.
You are more confused.
You bump into the rock wall.
The vampire hits you!
* * * LOW HITPOINT WARNING * * *
The vampire bites you but does no damage.
You completely miss the vampire.
The vampire is lightly damaged.
The vampire hits you but does no damage.
The vampire bites you but does no damage.
The vampire hits you.
* * * LOW HITPOINT WARNING * * *
The vampire bites you but does no damage.
You bump into the rock wall.
The vampire hits you.
* * * LOW HITPOINT WARNING * * *
The vampire closely misses you.
You bump into the rock wall.
The vampire hits you.
* * * LOW HITPOINT WARNING * * *
The vampire bites you but does no damage.
Unknown command.
You feel better. The vampire closely misses you. The vampire bites you.
* * * LOW HITPOINT WARNING * * *
Okay, then.
You slash the vampire!
The vampire is heavily damaged.
You block the vampire's attack. The vampire barely misses you.
You closely miss the vampire.
The vampire is heavily damaged.
The vampire hits you but does no damage.
The vampire bites you!
You die...

.))....... .[........
.......... #.........
....>..... #.........
..........## ####.........
..........#..#............
..........................
..........####.[..........
............####V###......
##.#.....(#.##..@# ......
##.## .#..#....#### ......
#..##.##.........# .....
#....###...####.........
###...####.#.## ##......
......#))..#..#
#####..)#.....#
.##....)).#..##
....#####...####


You could see a vampire.

Vanquished Creatures
  A black bear (D:6)
  An ice beast (D:6)
  A necrophage (D:6)
  3 ogres
  A sky beast (D:6)
  4 phantoms
  2 centaurs
  A kobold brigand (D:6)
  3 scorpions
  A killer bee (D:5)
  4 bullfrog zombies
  An orc priest (D:3)
  7 hounds
  2 jellies
  A bullfrog skeleton (D:7)
  A gnoll shaman (D:7)
  2 iguanas
  An orc wizard (D:3)
  A hound zombie (D:5)
  2 hound skeletons
  Robin (D:2)
  8 gnolls
  10 adders
  A white imp (D:7)
  2 ufetubi
  2 adder skeletons (D:4)
  2 worms
  5 dart slugs
  18 orcs
  9 ball pythons
  7 bats
  6 endoplasms
  9 giant cockroaches
  12 hobgoblins
  6 jackals
  13 kobolds
  5 quokkas
  A frilled lizard (D:3)
  18 goblins
  7 rats
182 creatures vanquished.

Notes
Turn   | Place    | Note
-------+----------+-------------------------------------------
     0 | D:1      | bande the Gargoyle Fighter began the quest for the Orb.
     0 | D:1      | Reached XP level 1. HP: 14/14 MP: 1/1
    46 | D:1      | Reached XP level 2. HP: 16/19 MP: 2/2
   400 | D:1      | Reached XP level 3. HP: 23/23 MP: 3/3
   496 | D:1      | Found a faded altar of an unknown god.
   910 | D:2      | Noticed Robin
  2119 | D:2      | Learned a level 1 spell: Apportation
  2125 | D:2      | Killed Robin
  2126 | D:2      | Reached XP level 4. HP: 13/28 MP: 4/4
  2975 | D:2      | Reached XP level 5. HP: 32/33 MP: 5/5
  3941 | D:3      | Reached skill level 1 in Dodging
  3941 | D:3      | Reached skill level 1 in Translocations
  3941 | D:3      | Reached XP level 6. HP: 8/38 MP: 6/6
  4411 | D:3      | You fall into a shaft and drop 1 floor!
  5471 | D:4      | Found a sparkling altar of Nemelex Xobeh.
  5546 | D:4      | Reached XP level 7. HP: 43/43 MP: 7/7
  6264 | D:5      | Entered Level 5 of the Dungeon
  6817 | D:5      | Reached skill level 5 in Shields
  6820 | D:5      | Reached skill level 5 in Armour
  6827 | D:5      | Reached skill level 5 in Axes
  6827 | D:5      | Reached XP level 8. HP: 48/48 MP: 8/8
  7358 | D:5      | Found a transporter.
  7363 | D:5      | Found a broken altar of Ashenzari.
  7364 | D:5      | Found a transporter.
  7365 | D:5      | Noticed a shadow
  7367 | D:5      | Found a snail-covered altar of Cheibriados.
  7367 | D:5      | Found a hide-covered altar of Uskayaw.
  7369 | D:5      | Noticed a two-headed ogre
  7968 | D:6      | Reached skill level 5 in Fighting
  7968 | D:6      | Reached skill level 1 in Evocations
  8001 | D:6      | Reached XP level 9. HP: 43/54 MP: 6/9
  8139 | D:6      | Found a runed translucent gate.
  8139 | D:6      | Noticed Exaltedone87's ghost (novice DsGl)
  8140 | D:6      | Found a runed translucent gate.
  8141 | D:6      | Found a runed translucent gate.
  8369 | D:7      | Found a staircase to the Ecumenical Temple.
  8382 | Temple   | Entered the Ecumenical Temple
  8435 | Temple   | Became a worshipper of Warmaster Okawaru
  8726 | D:7      | Slain by a vampire

Illustrated notes

Levels and vault maps discovered:
D:1:      co_arrival_square_in_a_square_in_a_square, layout_rooms,
          basic_ecumenical_altar, minmay_misc_feat_ornament,
          minmay_misc_feat_tiny
D:2:      minmay_spotlight, layout_rooms, uniq_robin
D:3:      layout_basic
D:4:      layout_layer_cave, nemelex_diamond_rough_becter
D:5:      cheibrodos_barr_body, layout_loops_ring,
          gammafunk_temple_overflow_arena
D:6:      layout_rooms, biasface_ghost_orc_armoury
D:7:      layout_rooms, minmay_temple_entry_offerings
Temple:   dpeg_five_rooms_temple

Skill      XL: |  1  2  3  4  5  6  7  8  9 |
---------------+----------------------------+-----
Axes           | 2 3 4 5 6 |  6.7
Shields        | 4 5 6 |  6.3
Armour         | 4 5 6 |  6.2
Dodging        | 1 |  1.5
Translocations | 1 2 3 4 |  4.2
Fighting       | 4 5 |  5.4
Evocations     | 1 2 |  2.0
Stealth        | |  0.2

Action                   |  1- 3 |  4- 6 |  7- 9 || total
-------------------------+-------+-------+-------++-------
Melee: War axe           |   131 |   233 |   260 ||   624
  Use: Scroll            |       |     8 |     5 ||    13
       Potion            |       |       |     4 ||     4
Armor: Scale mail        |   110 |    58 |       ||   168
       Chain mail        |       |    80 |   189 ||   269
Dodge: Dodged            |    58 |    73 |    86 ||   217
Block: Kite shield       |    98 |   130 |   200 ||   428

Table legend: (Time is in decaauts)
 A = Elapsed time spent in this place.
 B = Non-inter-level travel time spent in this place.
 C = Inter-level travel time spent in this place.
 D = Time resting spent in this place.
 E = Time spent auto-exploring this place.
 F = Levels seen in this place.
 G = Mean time per level.
                   A        B        C        D        E       F      G
               +--------+--------+--------+--------+--------+-----+--------+
         Total |   9060 |   8962 |     98 |   2663 |   4254 |   8 | 1132.5 |
       Dungeon |   8973 |   8907 |     66 |   2663 |   4214 |   7 | 1281.9 |
        Temple |     86 |     54 |     32 |      0 |     40 |   1 |   86.0 |
               +--------+--------+--------+--------+--------+-----+--------+

Top non-repeatable levels by time:
     D:1: 2146 daAuts
     D:4: 1869 daAuts
     D:3: 1446 daAuts
     D:2: 1354 daAuts
     D:5: 1307 daAuts
     D:6: 562 daAuts
     D:7: 287 daAuts
  Temple: 86 daAuts
